Kradschützen Motorcycle Team
Construct Light Support Kompanie
Panzerjäger Mechanized Group
Construct Mechanized Kompanie
Marder III Tank Destroyer
Selects L6/40 Light Tank Combat Group
Selects Towed Cannone da 105/28 Field Howitzer
Construct Panzerarmee Kommand
Selects Defensive Operations
Selects Territory Booby Traps
Selects Defensive Operations
Selects Territory Booby Traps
Selects Defensive Operations
Marder III Tank Destroyer
Selects Prepared Positions